 Dungeon Crawl Stone Soup version 0.17-a0-896-g249456b (webtiles) character file.

382 oplop the Chiller (level 6, -3/42 HPs)
             Began as an Octopode Ice Elementalist on May 1, 2015.
             Slain by Robin
             ... wielding a +0 mace
              (8 damage)
             ... on level 4 of the Dungeon.
             The game lasted 00:07:45 (3757 turns).

oplop the Chiller (Octopode Ice Elementalist)       Turns: 3757, Time: 00:07:46

Health: -3/42      AC:  1    Str:  7    XL:     6   Next: 76%
Magic:  5/11       EV: 12    Int: 22    God:
Gold:   112        SH:  0    Dex: 12    Spells: 3 memorised, 6 levels left

rFire  . . .     SeeInvis .     g - +1 short sword
rCold  + . .     Clarity  .     (no shield)
rNeg   . . .     SustAb   +     (helmet restricted)
rPois  .         Gourm    .     (no amulet)
rElec  .         Spirit   .     c - ring of protection from cold
rCorr  .         Warding  .     i - ring of sustain abilities
rMut   .         Stasis   .     l - +2 ring of intelligence
MR     .....                    (no ring)
Stlth  +++.......               (no ring)
                                (no ring)
                                (no ring)
                                (no ring)

@: very slightly contaminated, not resistant to hostile enchantments, fairly
stealthy
A: almost no armour, amphibious, 8 rings, constrict 8, camouflage 1, gelatinous
body 1
a: no special abilities


You were on level 4 of the Dungeon.
You were not hungry.

You visited 1 branch of the dungeon, and saw 4 of its levels.

You collected 112 gold pieces.

Inventory:

Hand weapons
 g - a +1 short sword (weapon)
 q - a +1 dagger of distortion
Missiles
 y - 24 stones (quivered)
Jewellery
 c - a ring of protection from cold (left tentacle)
 i - a ring of sustain abilities (right tentacle)
 l - a +2 ring of intelligence (on tentacle)
Magical devices
 p - a wand of random effects (28)
 w - a wand of flame (19)
Scrolls
 j - 2 scrolls of remove curse
 o - a scroll of enchant armour
 s - a scroll of identify
Potions
 d - a potion of lignification {unknown}
 e - 2 potions of degeneration
 f - a potion of heal wounds
 h - a potion of brilliance
 k - 4 potions of curing
 m - a potion of poison {unknown}
 n - a potion of cancellation
 x - a potion of might
Books
 a - a book of Frost

   Spells                             Type                      Level
   a - Freeze                         Ice                          1
   b - Throw Frost                    Conjuration/Ice              2
   c - Ozocubu's Armour               Charms/Ice                   3
   d - Throw Icicle                   Conjuration/Ice              4
   e - Summon Ice Beast               Ice/Summoning                4
   f - Condensation Shield            Ice                          4
Comestibles
 b - 4 bread rations
 r - 10 chunks of flesh
 t - a meat ration


   Skills:
 + Level 3.5 Fighting
 - Level 2.0 Dodging
 - Level 2.6 Stealth
 + Level 3.8 Spellcasting
 + Level 2.0 Conjurations
 + Level 4.6 Ice Magic


You had 6 spell levels left.
You knew the following spells:

 Your Spells              Type           Power        Failure   Level  Hunger
a - Freeze                Ice            ###.         1%          1    None
b - Ozocubu's Armour      Chrm/Ice       ##......     14%         3    ###....
c - Throw Frost           Conj/Ice       ###...       6%          2    #......


Dungeon Overview and Level Annotations

Branches:
Dungeon (4/15)
 Temple: D:4-7

Altars:
Ashenzari
Nemelex Xobeh
Xom
The Shining One

Annotations:
D:4 Robin


Innate Abilities, Weirdness & Mutations

You cannot wear most types of armour.
You are amphibious.
You can wear up to eight rings at the same time.
You can use your tentacles to constrict eight enemies at once.
Your skin changes colour to match your surroundings (Stealth).
Your rubbery body absorbs attacks (AC +1).


Message History

Confirm with . or Enter, or press ? or * to list all spells.
Aiming: Freeze
Press: ? - help, Shift-Dir - straight line, f/p - Robin
Aim: Robin, wielding a mace, wearing an animal skin and wearing a helmet (heavily wounded)
You freeze Robin.
Robin is severely wounded.
The goblin shoots a stone.
The stone hits you. Robin hits you with a mace!
* * * LOW HITPOINT WARNING * * *
Casting: Freeze
Confirm with . or Enter, or press ? or * to list all spells.
Aiming: Freeze
Press: ? - help, Shift-Dir - straight line, f/p - Robin
Aim: Robin, wielding a mace, wearing an animal skin and wearing a helmet (severely wounded)
You freeze Robin.
Robin is almost dead.
The goblin shoots a stone.
The stone closely misses you. The hobgoblin hits you with a club.
* * * LOW HITPOINT WARNING * * *
Robin hits you with a mace!
You die...

#............#
#............+ ##
#............# .#
#............# .#
#...........##
.####....####'## +#####
...##....##.(..##.....#
...##....##....(......##
...##....##.....@......#
.............(.sgg.g...#
.......................+
...................g...#
.........##....##.....##
.........##....# ####g#
#..###...# ...g. .
##+###...##....
...............


You could see Robin, a giant cockroach, a hobgoblin and 4 goblins.

Vanquished Creatures
  An orc priest (D:3)
  2 hounds
  Crazy Yiuf (D:3)
  An orc wizard (D:4)
  Natasha (thrice) (D:2)
  A worker ant (D:4)
  7 adders
  3 gnolls
  An ooze (D:3)
  3 giant geckos
  10 orcs
  3 giant cockroaches
  7 hobgoblins
  9 kobolds
  3 quokkas
  11 bats
  5 giant newts
  8 goblins
  4 rats
  A fungus (D:3)
84 creatures vanquished.

Notes
Turn   | Place    | Note
--------------------------------------------------------------
     0 | D:1      | oplop, the Octopode Ice Elementalist, began the quest for the Orb.
     0 | D:1      | Reached XP level 1. HP: 11/11 MP: 3/3
    56 | D:1      | Reached skill level 1 in Fighting
   144 | D:1      | Reached XP level 2. HP: 15/18 MP: 5/5
   955 | D:2      | Found a shimmering altar of Xom.
   955 | D:2      | Noticed Natasha
   956 | D:2      | Killed Natasha
   956 | D:2      | Reached XP level 3. HP: 22/24 MP: 6/6
  1428 | D:2      | Learned a level 3 spell: Ozocubu's Armour
  1474 | D:2      | Reached XP level 4. HP: 24/29 MP: 6/8
  1625 | D:2      | Noticed Natasha
  1627 | D:2      | Killed Natasha
  1968 | D:2      | Noticed Natasha
  1972 | D:2      | Killed Natasha
  2083 | D:2      | Reached XP level 5. HP: 22/35 MP: 7/9
  2247 | D:3      | Learned a level 2 spell: Throw Frost
  2256 | D:3      | Reached skill level 4 in Ice Magic
  2657 | D:3      | Found a sparkling altar of Nemelex Xobeh.
  2696 | D:3      | Found a glowing golden altar of the Shining One.
  2776 | D:3      | Reached XP level 6. HP: 36/42 MP: 6/11
  3080 | D:3      | Noticed Crazy Yiuf
  3086 | D:3      | Killed Crazy Yiuf
  3263 | D:4      | Noticed Robin
  3592 | D:4      | Found a shattered altar of Ashenzari.
  3757 | D:4      | Slain by Robin

Action                   |  1- 3 |  4- 6 || total
-------------------------+-------+-------++-------
Melee: Unarmed           |    20 |       ||    20
       Short sword       |    25 |    90 ||   115
 Cast: Freeze            |     9 |    60 ||    69
       Ozocubu's Armour  |       |     4 ||     4
       Throw Frost       |       |     4 ||     4
Evoke: Wand              |     1 |     1 ||     2
  Use: Scroll            |       |    12 ||    12
       Potion            |       |     2 ||     2
 Stab: Sleeping          |     4 |     9 ||    13
  Eat: Chunk             |     1 |     7 ||     8
       Beef jerky        |       |     1 ||     1
